 Dungeon Crawl Stone Soup version 0.27-a0-396-g03f4e8edb7 (webtiles) character file.

Game seed: 1940643944221194619

22 CryoSword the Chopper (level 2, 0/27 HPs)
             Began as a Minotaur Monk on Feb 21, 2021.
             Slain by an adder (3 damage)
             ... on level 2 of the Dungeon.
             The game lasted 00:00:41 (757 turns).

CryoSword the Chopper (Minotaur Monk)                Turns: 757, Time: 00:00:42

Health: 0/27       AC:  2    Str: 15    XL:     2   Next: 68%
Magic:  1/1        EV: 13    Int:  7    God:
Gold:   60         SH:  0    Dex: 12    Spells: 1/1 levels left

rFire    . . .     SeeInvis .   a - +0 hand axe
rCold    . . .     Faith    .   (no shield)
rNeg     . . .     Spirit   .   b - +0 robe
rPois    .         Reflect  .   (helmet restricted)
rElec    .         Harm     .   (no cloak)
rCorr    .         Rampage  .   (no gloves)
Will     .....                  (no boots)
Stlth    ++........             (no amulet)
HPRegen  0.09/turn              (no ring)
MPRegen  0.07/turn              (no ring)

@: lethally poisoned (0 -> -10)
A: retaliatory headbutt, horns 2
a: no special abilities


You were on level 2 of the Dungeon.
You visited 1 branch of the dungeon, and saw 2 of its levels.

You collected 60 gold pieces.

Inventory:

Hand Weapons
 a - a +0 hand axe (weapon)
Armour
 b - a +0 robe (worn)
Jewellery
 d - an amulet of the acrobat {unknown}
   (You found it on level 1 of the Dungeon)
Scrolls
 g - a scroll of magic mapping {unknown}
 h - 2 scrolls of identify {unknown}
 i - a scroll of teleportation {unknown}
Potions
 c - a potion of degeneration {unknown}
 e - a potion of ambrosia {unknown}
 f - a potion of flight {unknown}
 j - a potion of curing {unknown}
 k - a potion of mutation {unknown}


   Skills:
 + Level 4.0 Fighting
 * Level 4.3 Axes
 + Level 3.6 Dodging
 - Level 1.5 Stealth


You had one spell level left.
You didn't know any spells.
Your spell library was empty.

Dungeon Overview and Level Annotations

Branches:
Dungeon (2/15)

Altars:


Innate Abilities, Weirdness & Mutations

You reflexively headbutt those who attack you in melee.
You have a pair of horns on your head.


Message History

A giant cockroach is nearby!
A giant cockroach is nearby!
A giant cockroach is nearby!
Found a scroll labelled YFAMMU TUOGES.
A rat and a goblin come into view.
The goblin is wielding a +2 vampiric dagger.
Found a scroll labelled WELENAETOE.
The rat misses you. You furiously retaliate!
You headbutt the rat!
You kill the rat!
Found 12 gold pieces.
Found a scroll labelled ZAOSHU DEUZAO.
The helpless goblin fails to defend itself.
You slash the goblin!
You kill the goblin!
The giant cockroach misses you.
The giant cockroach waves its antennae.
The giant cockroach closely misses you.
You barely miss the giant cockroach.
Your headbutt misses the giant cockroach.
The giant cockroach barely misses you.
You barely miss the giant cockroach.
Your headbutt misses the giant cockroach.
The giant cockroach barely misses you.
You hit the giant cockroach but do no damage.
You headbutt the giant cockroach. The giant cockroach bites you.
The giant cockroach closely misses you. You furiously retaliate!
You headbutt the giant cockroach.
You kill the giant cockroach!
No target in view!
You see here a giant cockroach corpse.
g - a scroll labelled YFAMMU TUOGES
Found a dagger.
h - a scroll labelled WELENAETOE A giant cockroach comes into view.
Found a stone staircase leading down.
A giant cockroach is nearby!
A giant cockroach is nearby!
A giant cockroach is nearby!
A bat and a hobgoblin come into view.
Found 3 large rocks and a scroll labelled WELENAETOE.
The bat closely misses you. You furiously retaliate!
You headbutt the bat. The bat barely misses you.
The giant cockroach barely misses you.
The giant cockroach bites you but does no damage.
You closely miss the bat. You barely miss the giant cockroach.
The hobgoblin shouts!
The bat misses you. You furiously retaliate!
You headbutt the bat!
You kill the bat!
The giant cockroach bites you.
You hit the giant cockroach. The giant cockroach bites you.
You hit the giant cockroach.
You kill the giant cockroach!
You barely miss the hobgoblin. The hobgoblin barely misses you.
You barely miss the hobgoblin. The hobgoblin hits you with a +0 club.
You hit the hobgoblin.
You kill the hobgoblin!
No target in view!
No target in view!
There is a stone staircase leading down here.
h - 2 scrolls labelled WELENAETOE (gained 1)
You see here a +0 club.
You now have 60 gold pieces (gained 12).
i - a scroll labelled ZAOSHU DEUZAO Could not explore, unopened door.
Could not explore, unopened door.
Could not explore, unopened door.
You open the door.
There is an open door here.
There is an open door here.
You see here a dagger.
There is a stone staircase leading down here.
j - an inky potion Could not explore, unopened door.
Could not explore, unopened door.
Could not explore, unopened door.
You open the door.
There is an open door here.
A rat comes into view.
A rat is nearby!
A rat is nearby!
A rat is nearby!
The rat misses you.
You barely miss the rat. The rat closely misses you. You furiously retaliate!
You headbutt the rat!
You kill the rat!
No target in view!
No target in view!
You see here a rat corpse.
k - a dark potion Done exploring.
Done exploring.
Done exploring.
There is a stone staircase leading down here.
You climb downwards.
A giant cockroach comes into view.
Found an escape hatch in the ceiling.
Found a stone staircase leading down.
There is a stone staircase leading up here.
A giant cockroach is nearby!
The giant cockroach waves its antennae.
You hit the giant cockroach but do no damage.
The giant cockroach barely misses you.
You closely miss the giant cockroach. The giant cockroach bites you.
The giant cockroach bites you but does no damage.
You closely miss the giant cockroach.
The giant cockroach bites you but does no damage.
You hit the giant cockroach.
You kill the giant cockroach!
No target in view!
A dart slug comes into view.
A dart slug is nearby!
A dart slug is nearby!
A dart slug is nearby!
An adder comes into view.
The dart slug bites you.
You hit the dart slug but do no damage. Your headbutt misses the dart slug.
You hit the dart slug but do no damage. You headbutt the dart slug.
The adder hisses angrily.
The dart slug misses you. You furiously retaliate!
You headbutt the dart slug. You hit the dart slug.
You kill the dart slug!
Your Fighting skill increases to level 4!
You hit the adder. The adder bites you.
You are poisoned.
The adder poisons you!
You barely miss the adder.
You feel sick. The adder bites you. x2
You are more poisoned.
The adder poisons you!
You hit the adder but do no damage.
You feel sick. The adder bites you.
You are more poisoned.
The adder poisons you!
You hit the adder.
You feel sick. The adder bites you.
You are lethally poisoned!
The adder poisons you! The adder bites you.
* * * LOW HITPOINT WARNING * * *
You hit the adder but do no damage.
* * * LOW HITPOINT WARNING * * *
You feel sick. The adder bites you.
* * * LOW HITPOINT WARNING * * *
You hit the adder but do no damage. Your headbutt misses the adder.
* * * LOW HITPOINT WARNING * * *
You feel sick. The adder bites you.
* * * LOW HITPOINT WARNING * * *
The adder bites you.
* * * LOW HITPOINT WARNING * * *
You barely miss the adder.
* * * LOW HITPOINT WARNING * * *
You feel sick. The adder barely misses you.
You hit the adder. Your headbutt misses the adder.
* * * LOW HITPOINT WARNING * * *
You feel sick. The adder bites you.
You die...

# .# ####.#
##.@>#
##..#S#
###.<##...
##<..##
.#...
.######..###
.##....
........##
.. #...
######### #.
#.# # .#


You could see an adder.

Vanquished Creatures
  A dart slug (D:2)
  A leopard gecko (D:1)
  4 giant cockroaches
  4 goblins (D:1)
  2 hobgoblins (D:1)
  A bat (D:1)
  A kobold (D:1)
  3 rats (D:1)
17 creatures vanquished.

Notes
Turn   | Place    | Note
-------+----------+-------------------------------------------
     0 | D:1      | CryoSword the Minotaur Monk began the quest for the Orb.
     0 | D:1      | Reached XP level 1. HP: 19/19 MP: 0/0
   179 | D:1      | Reached XP level 2. HP: 14/27 MP: 1/1
   757 | D:2      | Slain by an adder

Illustrated notes

Levels and vault maps discovered:
D:1:      scummos_arrival_forest, layout_basic
D:2:      layout_rooms, lemuel_round_altar, doesnt_xom_only_xom,
          chequers_ecumenical_altar_simple, fedhas_altar_1, uniq_robin

Skill      XL: |  1  2 |
---------------+-------+-----
Axes           | 4 |  4.3
Fighting       | 4 |  4.0
Dodging        | |  3.6
Stealth        | |  1.5

Action                   || total
-------------------------++-------
Melee: Hand axe          ||    37
       Headbutt          ||     3
 Stab: Sleeping          ||     2
Armor: Robe              ||     5
Dodge: Dodged            ||    19

Table legend: (Time is in decaauts)
 A = Elapsed time spent in this place.
 B = Non-inter-level travel time spent in this place.
 C = Inter-level travel time spent in this place.
 D = Time resting spent in this place.
 E = Time spent auto-exploring this place.
 F = Levels seen in this place.
 G = Mean time per level.
                   A        B        C        D        E       F      G
               +--------+--------+--------+--------+--------+-----+--------+
         Total |    760 |    729 |     31 |    138 |    493 |   2 |  380.0 |
       Dungeon |    760 |    729 |     31 |    138 |    493 |   2 |  380.0 |
               +--------+--------+--------+--------+--------+-----+--------+

Top non-repeatable levels by time:
     D:1: 717 daAuts
     D:2: 43 daAuts
